 Dungeon Crawl Stone Soup version 0.26-a0-642-g67e99244d3 (webtiles) character file.

Game seed: 4510295641743656407

59 kkri the Skirmisher (level 3, 0/35 HPs)
             Began as a Palentonga Transmuter on Sept 22, 2020.
             Slain by a hobgoblin
             ... wielding a cursed -1 club
              (5 damage)
             ... on level 2 of the Dungeon.
             The game lasted 00:12:22 (1190 turns).

kkri the Skirmisher (Palentonga Transmuter)         Turns: 1190, Time: 00:12:23

Health: 0/35       AC:  4    Str: 13    XL:     3   Next: 78%
Magic:  6/6        EV: 10    Int: 13    God:
Gold:   33         SH:  0    Dex: 11    Spells: 5/6 levels left

rFire    . . .     SeeInvis +   m - +0 spear
rCold    . . .     Faith    .   (no shield)
rNeg     . . .     Spirit   .   a - +0 robe
rPois    .         Reflect  .   (no helmet)
rElec    .         Harm     .   k - scarf {shadows}
rCorr    .         Rampage  .   (no gloves)
MR       .....                  (no barding)
Stlth    +.........             (no amulet)
HPRegen  0.11/turn              (no ring)
MPRegen  0.10/turn              (no ring)

@: no status effects
A: large, rugged brown scales 3, see invisible, deformed body, roll, armoured
tail
a: Rolling Charge


You were on level 2 of the Dungeon.
You visited 1 branch of the dungeon, and saw 2 of its levels.

You collected 33 gold pieces.

Inventory:

Hand Weapons
 g - a +0 dagger
 i - a +0 club
 m - a +0 spear (weapon)
Missiles
 j - 13 arrows
Armour
 a - a +0 robe (worn)
 k - a scarf of shadows (worn)
Scrolls
 c - a scroll of blinking {unknown}
 d - a scroll of fog {unknown}
 e - 2 scrolls of teleportation {unknown}
 h - 3 scrolls of identify {unknown}
 l - a scroll of magic mapping {unknown}
Potions
 b - a potion of degeneration {unknown}
 f - a potion of brilliance {unknown}


   Skills:
 + Level 3.7 Fighting
 - Level 1.5 Dodging
 - Level 3.0 Unarmed Combat
 - Level 2.0 Spellcasting
 - Level 2.0 Transmutations


You had 5 spell levels left.
You knew the following spells:

 Your Spells              Type           Power        Failure   Level
a - Beastly Appendage     Tmut           #.....       11%         1

Your spell library contained the following spells:

 Spells                   Type           Power        Failure   Level
 Wereblood                Tmut           #.......     17%         2
 Spider Form              Tmut/Pois      #.........   45%         3
 Ice Form                 Ice/Tmut       #.......     86%         4
 Blade Hands              Tmut           #.........   97%         5


Dungeon Overview and Level Annotations

Branches:
Dungeon (2/15)

Altars:


Innate Abilities, Weirdness & Mutations

You are completely covered in rugged brown scales. (AC +3, +7% HP)
You have supernaturally acute eyesight. (SInv)
Armour fits poorly on your strangely shaped body.
You can roll at foes to attack.
You have a long armoured tail.


Message History

You hit the adder.
You kill the adder!
You barely miss the hobgoblin.
The hobgoblin hits you but does no damage.
You closely miss the hobgoblin.
The hobgoblin hits you with a cursed -1 club.
* * * LOW HITPOINT WARNING * * *
You barely miss the hobgoblin.
The hobgoblin hits you with a cursed -1 club.
* * * LOW HITPOINT WARNING * * *
You hit the hobgoblin but do no damage.
The hobgoblin hits you with a cursed -1 club.
* * * LOW HITPOINT WARNING * * *
You hit the hobgoblin.
The hobgoblin is moderately wounded.
The hobgoblin hits you but does no damage.
You hit the hobgoblin.
The hobgoblin is heavily wounded.
The hobgoblin hits you with a cursed -1 club.
You die...

......)..#
.........#
.....†<..#
.........###
...........#
####.#####.### #.
#...## #.... #.
##...##### #..... #
##..@gK.### ......
#####....####......
####....#.....[
###.........
###.$<..=.
#.†...... #).......
#.#...... #. ......


You could see a hobgoblin and a kobold.

Vanquished Creatures
  2 adders (D:2)
  2 dart slugs (D:1)
  A leopard gecko (D:2)
  3 giant cockroaches
  3 goblins (D:1)
  4 hobgoblins (D:1)
  5 jackals (D:1)
  4 bats (D:1)
  A frilled lizard (D:1)
  5 kobolds
  6 rats (D:1)
36 creatures vanquished.

Notes
Turn   | Place    | Note
-------+----------+-------------------------------------------
     0 | D:1      | kkri the Palentonga Transmuter began the quest for the Orb.
     0 | D:1      | Reached XP level 1. HP: 17/17 MP: 3/3
   165 | D:1      | Reached XP level 2. HP: 20/25 MP: 5/5
   774 | D:1      | Reached XP level 3. HP: 24/33 MP: 6/6
  1190 | D:2      | Slain by a hobgoblin

Illustrated notes

Levels and vault maps discovered:
D:1:      dpeg_arrival_houses_and_road, layout_loops_ring
D:2:      layout_rooms, chequers_ecumenical_altar_island

Skill      XL: |  1  2 |
---------------+-------+-----
Fighting       | 2 3 |  3.7
Dodging        | |  1.5
Unarmed Combat | |  3.0
Spellcasting   | |  2.0
Transmutations | |  2.0

Action                   || total
-------------------------++-------
Melee: Unarmed           ||    97
       Tailslap          ||    11
       Spear             ||    31
       Punch             ||     1
Armor: Robe              ||    45
Dodge: Dodged            ||    67

Table legend: (Time is in decaauts)
 A = Elapsed time spent in this place.
 B = Non-inter-level travel time spent in this place.
 C = Inter-level travel time spent in this place.
 D = Time resting spent in this place.
 E = Time spent auto-exploring this place.
 F = Levels seen in this place.
 G = Mean time per level.
                   A        B        C        D        E       F      G
               +--------+--------+--------+--------+--------+-----+--------+
         Total |   1186 |   1144 |     42 |      0 |    874 |   2 |  593.0 |
       Dungeon |   1186 |   1144 |     42 |      0 |    874 |   2 |  593.0 |
               +--------+--------+--------+--------+--------+-----+--------+

Top non-repeatable levels by time:
     D:1: 1095 daAuts
     D:2: 90 daAuts
